 Dungeon Crawl Stone Soup version 0.31.0-32-g396128a36d (webtiles) character file.

Game seed: 9272306336385481042

1666135 LordWeiramon the Politician (level 27, 196/196 HPs)
             Began as a Kobold Air Elementalist on Mar 19, 2024.
             Was the Champion of Ashenzari.
             Escaped with the Orb
             ... and 3 runes on Mar 20, 2024!
             The game lasted 06:22:08 (68713 turns).

LordWeiramon the Politician (KoAE)                 Turns: 68713, Time: 06:22:09

Health: 196/196    AC: 32    Str: 10    XL:     27
Magic:  41/41      EV: 46    Int: 14    God:    Ashenzari [******]
Gold:   2027       SH: 19    Dex: 31    Spells: 21/38 levels left

rFire   + + .        a - +9 rapier "Ruined Stoicism" {elec, Dev, Fort} (curse)
rCold   + . .        h - +3 buckler of the Unyielding Gaze {rN+, Bglg, Fort} (curse)
rNeg    + . .        d - +6 acid dragon scales of the Visionary Sun {rCorr, Dev, Elem} (curse)
rPois   +            v - +0 helmet "At What Cost Knowledge?" {rC+ Dex+3, Fort, Melee} (curse)
rElec   +            R - +2 cloak of the Wild Blue Yonder {Will+, Cun, Bglg} (curse)
rCorr   +            o - +4 pair of gloves of the Bound Planets {Rampage rElec Slay+3, Bglg, Fort} (curse)
SInv    +            O - +0 pair of boots of the Cosmic Augur {Rampage rPois Will+++ Int-4, Fort, Elem} (curse)
Will    +++++        g - amulet of Ashenzari's Soothsayer {Reflect *Corrode Regen+ Str+5 SH+5 SInv, Elem, Cun} (curse)
Stlth   ++++         Q - ring "Tethered With Me" {rF+, Comp, Fort} (curse)
HPRegen 1.32/turn    j - ring "Pessimism of Ashenzari" {rElec rF+ MP+9, Fort, Sorc} (curse)
MPRegen 0.27/turn

%: corrode self (3%), reflection, clarity, rampage
@: studying Dodging
A: small, no large weapons, nightstalker 3, deterioration 2, poison resistance
0: Orb of Zot
}: 3/15 runes: decaying, silver, gossamer
a: Renounce Religion, Shatter the Chains


You escaped.
You worshipped Ashenzari.
Ashenzari was exalted by your worship.
You visited 10 branches of the dungeon, and saw 48 of its levels.
You visited 1 bazaar.
You also visited: Ice Cave.

You collected 11637 gold pieces.
You spent 9610 gold pieces at shops.

Inventory:

Hand Weapons
 a - the cursed +9 rapier "Ruined Stoicism" (weapon) {elec, Dev, Fort}
   (You bought it in a shop on level 14 of the Dungeon)

   It has a curse which improves the following skills: Devices: Evocations and
   Shapeshifting.
   Fortitude: Armour and Shields.
 b - a +1 quick blade of electrocution
Missiles
 n - 40 poisoned darts
 r - a throwing net (quivered)
 C - 18 curare-tipped darts
Armour
 d - the cursed +6 acid dragon scales of the Visionary Sun (worn) {rCorr, Dev, Elem}
   (You found it on level 12 of the Dungeon)

   rCorr:     It protects you from acid and corrosion.
   It has a curse which improves the following skills: Devices: Evocations and
   Shapeshifting.
   Elements:  Fire Magic, Ice Magic, Air Magic and Earth Magic.
 h - the cursed +3 buckler of the Unyielding Gaze (worn) {rN+, Bglg, Fort}
   (You took it off a tengu reaver on level 5 of the Vaults)

   It has a curse which improves the following skills: Beguiling: Hexes and
   Translocations.
   Fortitude: Armour and Shields.
 o - the cursed +4 pair of gloves of the Bound Planets (worn) {Rampage rElec Slay+3, Bglg, Fort}
   (You bought it in a shop in a bazaar)

   Slay+3:    It affects your accuracy & damage with ranged weapons and melee
   (+3).
   rElec:     It insulates you from electricity.
   Rampage:   It bestows one free step when moving towards enemies.
   It has a curse which improves the following skills: Beguiling: Hexes and
   Translocations.
   Fortitude: Armour and Shields.
 v - the cursed +0 helmet "At What Cost Knowledge?" (worn) {rC+ Dex+3, Fort, Melee}
   (You bought it in a shop in a bazaar)

   Dex+3:     It affects your dexterity (+3).
   rC+:       It protects you from cold.
   It has a curse which improves the following skills: Fortitude: Armour and
   Shields.
   Melee Combat: Short Blades, Long Blades, Axes, Maces & Flails, Polearms,
   Staves and Unarmed Combat.
 O - the cursed +0 pair of boots of the Cosmic Augur (worn) {Rampage rPois Will+++ Int-4, Fort, Elem}
   (You acquired it on level 15 of the Dungeon)

   Int-4:     It affects your intelligence (-4).
   rPois:     It protects you from poison Will+++: It greatly increases your
   willpower.
   Rampage:   It bestows one free step when moving towards enemies.
   It has a curse which improves the following skills: Fortitude: Armour and
   Shields.
   Elements:  Fire Magic, Ice Magic, Air Magic and Earth Magic.
 R - the cursed +2 cloak of the Wild Blue Yonder (worn) {Will+, Cun, Bglg}
   (You bought it in a shop on level 10 of the Dungeon)

   It has a curse which improves the following skills: Cunning: Dodging and
   Stealth.
   Beguiling: Hexes and Translocations.
Jewellery
 c - the ring "Ullehu" {Ice Int+4 Dex+4}
   (You found it on level 12 of the Dungeon)

   [ring of ice]

   Ice:       It enhances your ice magic.
   Int+4:     It affects your intelligence (+4).
   Dex+4:     It affects your dexterity (+4).
   rF-:       It makes you vulnerable to fire.
   rC+:       It protects you from cold.
 g - the cursed amulet of Ashenzari's Soothsayer (around neck) {Reflect *Corrode Regen+ Str+5 SH+5 SInv, Elem, Cun}
   (You bought it in a shop on level 15 of the Dungeon)

   [amulet of reflection]

   Reflect:   It reflects blocked missile attacks.
   Str+5:     It affects your strength (+5).
   SInv:      It lets you see invisible.
   Regen+:    It increases your rate of health regeneration.
   *Corrode:  It may corrode you when you take damage.
   SH+5:      It affects your SH (+5).
   It has a curse which improves the following skills: Elements: Fire Magic, Ice
   Magic, Air Magic and Earth Magic.
   Cunning:   Dodging and Stealth.
 j - the cursed ring "Pessimism of Ashenzari" (right hand) {rElec rF+ MP+9, Fort, Sorc}
   (You acquired it on level 6 of the Dungeon)

   [ring of magical power]

   rF+:       It protects you from fire.
   rElec:     It insulates you from electricity.
   MP+9:      It affects your magic capacity (+9).
   It has a curse which improves the following skills: Fortitude: Armour and
   Shields.
   Sorcery:   Conjurations and Alchemy.
 Q - the cursed ring "Tethered With Me" (left hand) {rF+, Comp, Fort}
   (You found it on level 2 of the Depths)

   [ring of protection from fire]

   rF+:       It protects you from fire.
   It has a curse which improves the following skills: Companions: Summonings
   and Necromancy.
   Fortitude: Armour and Shields.
Wands
 k - a wand of mindburst (48)
 s - a wand of flame (62)
 t - a wand of digging (27)
 D - a wand of quicksilver (25)
 T - a wand of iceblast (28)
 U - a wand of charming (8)
Scrolls
 l - 10 scrolls of fear
 q - 2 scrolls of enchant armour
 u - 5 scrolls of vulnerability
 A - 4 scrolls of silence
 F - 4 scrolls of revelation
 G - 13 scrolls of fog
 J - 8 scrolls of poison
 L - 31 scrolls of teleportation
 N - 6 scrolls of butterflies
 P - 8 scrolls of enchant weapon
 V - 6 scrolls of blinking
Potions
 e - 5 potions of invisibility
 f - 10 potions of brilliance
 i - 10 potions of mutation
 m - 10 potions of enlightenment
 w - 5 potions of haste
 z - 19 potions of curing
 B - 3 potions of berserk rage
 E - 6 potions of ambrosia
 H - 12 potions of heal wounds
 K - 10 potions of might
 W - a potion of cancellation
 X - 5 potions of resistance
 Y - 6 potions of magic
Miscellaneous
 x - a phantom mirror
 M - a box of beasts
 S - a lightning rod (4/4)
 Z - a tin of tremorstones (2/2)


   Skills:
 + Level 26.2 Fighting
 O Level 27 Short Blades
 - Level 7.0 Throwing
 - Level 15.1(23.4) Armour
 - Level 25.0(27) Dodging
 - Level 24.5(27) Stealth
 - Level 10.0(18.2) Shields
 - Level 6.4 Spellcasting
 - Level 1.0(2.4) Conjurations
 - Level 9.0(13.7) Hexes
 - Level 2.4(6.0) Ice Magic
 - Level 9.0(13.7) Air Magic
 - Level 5.0(9.5) Earth Magic
 - Level 10.2(13.8) Evocations


You had 21 spell levels left.
You knew the following spells:

 Your Spells              Type           Power      Damage    Failure   Level
a - Passwall              Erth           31%        N/A       1%          3
b - Ensorcelled Hibernat  Hex/Ice        64%        N/A       1%          2
c - Confusing Touch       Hex            43%        N/A       1%          3
d - Cause Fear            Hex            21%        N/A       1%          4
s - Silence               Hex/Air        21%        N/A       1%          5

Your spell library contained the following spells:

 Spells                   Type           Power      Damage    Failure   Level
 Freeze                   Ice            84%        1d9       1%          1
 Sandblast                Erth           62%        2d14      1%          1
 Shock                    Conj/Air       100%       1d9       1%          1
 Slow                     Hex            100%       N/A       1%          1
 Jinxbite                 Hex            86%        N/A       1%          2
 Mercury Vapours          Alch/Air       48%        N/A       1%          2
 Static Discharge         Conj/Air       54%        3-6/arc   1%          2
 Sigil of Binding         Hex            43%        N/A       1%          3
 Swiftness                Air            43%        N/A       1%          3
 Tukima's Dance           Hex            43%        N/A       1%          3
 Airstrike                Air            21%        2d(4-20)  1%          4
 Dazzling Flash           Conj/Hex       54%        N/A       2%          3
 Inner Flame              Hex/Fire       24%        N/A       3%          3
 Cigotuvi's Dreadful Rot  Necr/Alch/Air  34%        N/A       4%          2
 Frozen Ramparts          Ice            42%        1d7       5%          3
 Ozocubu's Armour         Ice            21%        N/A       5%          3
 Stone Arrow              Conj/Erth      42%        3d9       5%          3
 Mephitic Cloud           Conj/Alch/Air  19%        N/A       7%          3
 Metabolic Englaciation   Hex/Ice        16%        N/A       11%         5
 Foxfire                  Conj/Fire      32%        2x1d5     12%         1
 Kiss of Death            Conj/Necr      32%        2d7       12%         1
 Hailstorm                Conj/Ice       16%        3d6       12%         3
 Anguish                  Hex/Necr       12%        N/A       12%         4
 Momentum Strike          Conj/Tloc      16%        3d8       17%         2
 Necrotise                Necr           20%        1d5       19%         1
 Summon Small Mammal      Summ           20%        N/A       19%         1
 Brom's Barrelling Bould  Conj/Erth      21%        2d4       19%         4
 Blink                    Tloc           12%        N/A       24%         2
 Lesser Beckoning         Tloc           12%        N/A       24%         2
 Scorch                   Fire           12%        2d5       24%         2
 Sublimation of Blood     Necr           5%         N/A       28%         2
 Animate Armour           Summ/Erth      36%        N/A       28%         4
 Leda's Liquefaction      Alch/Erth      9%         N/A       28%         4
 Petrify                  Alch/Erth      18%        N/A       28%         4
 Freezing Cloud           Conj/Ice/Air   12%        6-21      28%         5
 Yara's Violent Unravell  Hex/Alch       12%        3d7       32%         5
 Gell's Gravitas          Tloc           6%         N/A       43%         3
 Teleport Other           Tloc           6%         N/A       43%         3
 Volatile Blastmotes      Fire/Tloc      12%        2d11      43%         3
 Call Canine Familiar     Summ           5%         N/A       50%         3
 Fugue of the Fallen      Necr           5%         N/A       50%         3
 Vampiric Draining        Necr           5%         2d6       50%         3
 Enfeeble                 Hex            21%        N/A       54%         7
 Flame Wave               Conj/Fire      8%         2d5       75%         4
 Iskenderun's Mystic Bla  Conj/Tloc      8%         2d4       75%         4
 Conjure Ball Lightning   Conj/Air       13%        3x3d6     75%         6
 Fulminant Prism          Conj/Alch      4%         3d5       77%         4
 Manifold Assault         Tloc           6%         N/A       85%         4
 Passage of Golubria      Tloc           6%         N/A       85%         4
 Ignite Poison            Fire/Alch      5%         N/A       86%         4
 Sticky Flame             Fire/Alch      5%         2d4       86%         4
 Summon Blazeheart Golem  Fire/Summ      5%         N/A       86%         4
 Martyr's Knell           Necr/Summ      5%         N/A       88%         4
 Olgreb's Toxic Radiance  Alch           5%         N/A       88%         4
 Iskenderun's Battlesphe  Conj           11%        2d7       91%         5
 Fireball                 Conj/Fire      4%         3d4       97%         5
 Irradiate                Conj/Alch      4%         3d13      98%         5
 Alistair's Intoxication  Alch           3%         N/A       99%         5
 Curse of Agony           Necr           5%         N/A       99%         5
 Summon Forest            Summ/Tloc      2%         N/A       99%         5
 Discord                  Hex            21%        N/A       99%         8
 Maxwell's Capacitive Co  Air            21%        ∞         99%         8
 Dispersal                Tloc           3%         N/A       100%        6
 Eringya's Noxious Bog    Alch           2%         4d6       100%        6
 Sculpt Simulacrum        Ice/Alch       6%         N/A       100%        6
 Starburst                Conj/Fire      4%         6d3       100%        6
 Summon Cactus Giant      Summ           2%         N/A       100%        6
 Monstrous Menagerie      Summ           2%         N/A       100%        7
 Orb of Destruction       Conj           5%         9d5       100%        7
 Ozocubu's Refrigeration  Ice            10%        4d9       100%        7
 Spellforged Servitor     Conj/Summ      4%         N/A       100%        7
 Summon Hydra             Summ           2%         N/A       100%        7
 Ignition                 Fire           3%         3d4       100%        8
 Infestation              Necr           2%         N/A       100%        8
 Lehudib's Crystal Spear  Conj/Erth      10%        10d4      100%        8
 Summon Horrible Things   Summ           2%         N/A       100%        8
 Death's Door             Necr           2%         N/A       100%        9
 Fire Storm               Conj/Fire      4%         8d1       100%        9
 Polar Vortex             Ice            10%        12d1*     100%        9


Dungeon Overview and Level Annotations

Branches:
Dungeon (15/15)            Temple (1/1) D:4            Lair (5/5) D:10
  Swamp (4/4) Lair:2       Spider (4/4) Lair:2        Slime (0/5) Lair:4
    Orc (2/2) D:12            Elf (3/3) Orc:2        Vaults (5/5) D:14
  Crypt (0/3) Vaults:3     Depths (4/4) D:15            Zot (5/5) Depths:4
  IceCv (visited)

Altars:
Ashenzari
Cheibriados
Dithmenos
Elyvilon
Fedhas
Gozag
Hepliaklqana
Kikubaaqudgha
Makhleb
Nemelex Xobeh
Okawaru
Qazlal
Ru
Sif Muna
Trog
Uskayaw
Vehumet
Wu Jian
Xom
Yredelemnul
Zin
The Shining One
Jiyva

Shops:
D:7 :   D:9 *   D:10 [   D:14 (   D:15 *[*:?   Orc:2 ?*?*   Elf:3 *
Vaults:2 (   Vaults:4 :   Vaults:5 *=(?=??!   Depths:2 (

Portals:
Hell: Depths:1 Depths:2 Depths:3 Depths:4
Abyss: Depths:1 Depths:3
Pandemonium: Depths:2 Depths:4
Ziggurat: Depths:3

Annotations:
Zot:1 2 transporters, Jofris Vesimp's ghost, legendary GnFE


Innate Abilities, Weirdness & Mutations

You are small and have problems with some larger weapons.
You are completely attuned to the shadows.
Your body often deteriorates upon taking damage.
Your system is resistant to poisons. (rPois)


Message History

There is a stone staircase leading up here.
You climb upwards.
There is a stone staircase leading down here.
A red devil comes into view. It is wielding a +0 trident.
You puncture the red devil!
The red devil is moderately wounded.
You impale the red devil!!
You kill the red devil!
You see here a +0 trident.
There is a stone staircase leading up here.
You climb upwards.
There is a stone staircase leading down here.
There is a stone staircase leading up here.
You climb upwards.
There is a stone staircase leading down here.
There is a stone staircase leading down here.
You sense a monster nearby.
You see here a +0 spear.
There is a stone staircase leading up here.
You climb upwards.
There is a stone staircase leading down here.
There is a stone staircase leading up here.
You climb upwards.
There is a stone staircase leading down here.
There is a stone staircase leading up here.
You climb upwards.
There is a stone staircase leading down here.
You see here a +0 trident.
You see here a +0 spear.
There is a stone staircase leading up, spattered with blood here.
You climb upwards.
There is a stone staircase leading down here.
There is a stone staircase leading up, spattered with blood here.
You climb upwards.
There is a stone staircase leading down here.
There is a stone staircase leading up here.
You climb upwards.
There is a stone staircase leading down here.
There is a staircase leading out of the dungeon here.
You have escaped!

........## ####...#### ####....#
.........# #.........# ####....#
#........# #....{....# #.......#
.........# #.........# #.......#
.#....#.## ####...#### ####...##
........# #...# #..#†# ........##
####...#### #.##†### ###......#
#.........# ###.##.#.. ########.#
#.♣..@..♣.# #...##.... >...# ###
#.........# #......... ###.#
########### #......#.# #.#
#....###.# #.# ##########
#######.###.#
###.#####.##.....####..# #......
...................##[### ###....
###.###.........#.......####.....
#..................##..........


There were no monsters in sight!

Vanquished Creatures
  A pandemonium lord (D:15)
  Frederick (Vaults:5)
  3 dread liches
  2 orbs of fire (Zot:5)
  4 ancient liches
  Mara (Vaults:5)
  A juggernaut (Depths:3)
  Sojobo (Vaults:2)
  Boris (Vaults:2)
  2 Killer Klowns (Zot:5)
  Margery (Vaults:2)
  3 curse toes
  A caustic shrike (Depths:3)
  11 golden dragons
  4 bone dragons
  18 tentacled monstrosities
  Rupert (D:14)
  Zenata (Vaults:4)
  A walking crystal tome (Depths:3)
  5 liches
  23 Orb Guardians (Zot:5)
  8 titans
  A walking divine tome (Depths:3)
  A searing wretch (Vaults:2)
  3 quicksilver dragons
  2 deep elf blademasters (Elf:3)
  Asterion (Vaults:2)
  2 deep elf master archers (Elf:3)
  An eldritch tentacle (Depths:1)
  5 sphinxes
  12 death cobs
  An ancient champion (Vaults:3)
  The ghost of Viocziel the Brawler, an adept TrMo of Nemelex Xobeh (Depths:2)
  2 thorn hunters
  Aizul (Vaults:2)
  17 storm dragons
  Donald (Vaults:4)
  2 azure jellies (Depths:1)
  12 shadow dragons
  12 tengu reavers
  10 draconian monks
  A fenstrider witch (Swamp:1)
  2 protean progenitors (Zot:1)
  8 frost giants
  14 fire giants
  2 emperor scorpions
  9 draconian shifters
  4 draconian knights
  A balrug (Depths:1)
  4 deep elf sorcerers
  9 ghost moths
  A spectral juggernaut (Depths:4)
  2 deep elf elementalists (Elf:3)
  3 draconian scorchers
  21 vault wardens
  2 iron dragons (Depths:3)
  An orc warlord (Vaults:2)
  4 broodmothers
  5 spectral caustic shrikes (Depths:4)
  3 draconian stormcallers
  2 reapers
  3 formless jellyfish (Vaults:4)
  2 spriggan defenders
  4 very ugly things
  6 draconian annihilators
  6 ironbound thunderhulks
  25 ironbound preservers
  20 stone giants
  3 vampire knights
  Nessos (D:14)
  9 green draconians
  8 deep elf demonologists
  7 yellow draconians
  11 black draconians
  6 bunyips
  3 eleionomae
  7 deep elf death magi
  10 dire elephants
  2 war gargoyles
  9 purple draconians
  12 red draconians
  11 white draconians
  8 deep elf annihilators
  5 spark wasps
  Snorg (Lair:3)
  5 deep elf high priests
  9 fire dragons
  Josephine (Lair:3)
  An entropy weaver (shapeshifter) (D:13)
  10 ettins
  15 yaktaur captains
  4 entropy weavers
  3 rakshasas
  4 spriggan air magi
  21 hydras
  31 vault guards
  9 great orbs of eyes
  7 ice dragons
  A hell beast (Depths:1)
  2 jorogumos (Spider:4)
  6 ogre magi
  2 radroaches
  A ghost crab (Swamp:1)
  A peacekeeper (Vaults:2)
  25 centaur warriors
  9 ironbound frosthearts
  A juggernaut simulacrum (Depths:3)
  A merfolk avatar (Lair:5)
  A radroach (shapeshifter) (Elf:1)
  10 alligators
  6 death yaks (IceCv)
  26 dancing weapons
  13 two-headed ogres
  4 demonic crawlers
  A death knight (D:15)
  10 boulder beetles
  6 deep troll shamans
  3 orc high priests
  4 vampire magi
  8 tengu warriors
  10 deep troll earth magi
  9 death scarabs (Spider:4)
  3 spriggan berserkers
  4 occultists
  Urug (D:14)
  8 hell knights
  Sonja (Orc:1)
  12 deep elf knights
  5 iron trolls
  4 soul eaters (Zot:2)
  5 spriggans
  2 shadow wraiths (Vaults:5)
  4 skysharks
  2 fire crabs (Depths:1)
  10 skeletal warriors
  7 pharaoh ants
  A quicksilver dragon simulacrum (Depths:1)
  The ghost of spaghetti the Summoner, a novice NaSu (D:7)
  A goliath frog (shapeshifter) (Vaults:5)
  A sea snake (shapeshifter) (Elf:1)
  4 goliath frogs
  2 spriggan druids
  3 sun moths
  2 death drakes (Zot:2)
  6 arcanists
  56 deep trolls
  5 bog bodies (Swamp:2)
  4 flayed ghosts (Depths:3)
  3 orb spiders
  7 deep elf archers
  25 ironbound convokers
  5 glowing orange brains
  A golden dragon skeleton (Zot:2)
  13 lindwurms
  8 steelbarb worms
  A wolf spider zombie (Spider:4)
  7 swamp dragons
  A broodmother zombie (Spider:4)
  An obsidian statue (Zot:2)
  A spectral jorogumo (Spider:4)
  41 deep elf pyromancers
  4 necromancers
  3 phantasmal warriors
  2 fauns (shapeshifter)
  9 harpies
  9 orc knights
  25 deep elf zephyrmancers
  An oklob plant (Lair:4)
  9 cyclopes
  5 will-o-the-wisps
  3 worldbinders (Depths:1)
  5 orc sorcerers
  21 wolf spiders
  4 manticores
  20 moths of wrath
  A centaur zombie (D:15)
  Joseph (D:7)
  3 elephants (Lair:3)
  3 meliai (Spider:1)
  43 ugly things
  5 kobold blastminers (Orc:2)
  3 black mambas
  18 vault sentinels
  A rust devil (Depths:4)
  A smoke demon (Zot:4)
  2 molten gargoyles (Depths:1)
  3 gargoyles
  3 ice statues
  6 torpor snails
  2 centaur skeletons (D:15)
  An unseen horror (D:10)
  15 cane toads
  A bunyip simulacrum (Depths:1)
  5 komodo dragons
  A kobold demonologist (D:11)
  33 yaktaurs
  2 redback zombies (Spider:4)
  3 rime drakes
  2 spectral redbacks (Spider:4)
  5 tengu conjurers
  Psyche (D:9)
  3 freezing wraiths
  A yaktaur (shapeshifter) (Vaults:5)
  A red devil (D:9)
  A guardian mummy (Zot:2)
  A tarantella (shapeshifter) (Elf:3)
  7 tyrant leeches
  10 trolls
  7 hornets
  A queen bee (Spider:1)
  A wind drake (Lair:5)
  An ettin zombie (Vaults:3)
  A glass eye (Depths:1)
  8 saltlings (Orc:2)
  A spectral culicivora (Spider:4)
  4 spectral jumping spiders (Spider:4)
  13 polar bears
  A tengu simulacrum (Vaults:3)
  A meliai zombie (D:15)
  31 blink frogs
  2 snapping turtles (Lair:5)
  5 spectral tarantellas (Spider:4)
  A jumping spider zombie (Spider:4)
  15 tarantellas
  Prince Ribbit (D:6)
  A moth of wrath zombie (Zot:2)
  31 jumping spiders
  A culicivora (shapeshifter) (Depths:3)
  23 slime creatures
  22 culicivoras
  A centaur simulacrum (D:14)
  69 yaks
  A vampire (D:12)
  A spriggan (shapeshifter) (Depths:1)
  7 wyverns
  2 air elementals (Elf:1)
  4 water elementals
  16 humans
  A shadow (D:10)
  A human (shapeshifter) (D:13)
  9 wraiths
  5 basilisks
  13 vampire mosquitoes
  5 wargs
  Grum (D:9)
  A chaos spawn (Zot:3)
  A steam dragon (Lair:5)
  6 fire elementals
  2 human simulacra (Vaults:3)
  2 spatial vortices (Depths:1)
  Edmund (D:6)
  42 redbacks
  An alligator snapping turtle simulacrum (Depths:1)
  16 swamp worms
  A naga (shapeshifter) (Elf:2)
  3 acid dragons (D:12)
  8 water moccasins
  10 swamp drakes
  20 orc warriors
  4 ice beasts
  2 sky beasts
  A hornet zombie (D:15)
  2 laughing skulls (D:13)
  2 black bears
  2 fire dragon simulacra (Depths:1)
  6 boggarts
  28 wolves
  11 ogres
  15 centaurs
  15 bullfrogs
  A gnoll sergeant (D:12)
  3 scorpions
  2 deep troll simulacra (Depths:1)
  4 earth elementals
  24 killer bees
  2 snapping turtle simulacra (Depths:1)
  3 howler monkeys
  8 electric eels
  2 lava snakes (Depths:1)
  2 hounds (D:10)
  2 gnoll boudas
  A bombardier beetle (D:4)
  14 orc priests
  Crazy Yiuf (D:6)
  5 jellies
  2 sleepcaps
  An iguana (D:7)
  21 orc wizards
  24 gnolls
  12 adders
  14 white imps
  4 ufetubi
  A dart slug (D:2)
  3 ribbon worms (D:2)
  88 orcs
  10 ball pythons
  9 endoplasms
  2 giant cockroaches (D:4)
  7 hobgoblins
  3 jackals (D:1)
  2 quokkas
  A bat (D:2)
  6 frilled lizards
  7 goblins
  6 kobolds
  5 rats
  An aspiring flesh (Zot:1)
2127 creatures vanquished.

Vanquished Creatures (others)
  An ogre mage (Depths:1)
  A deep elf knight (Elf:3)
  An arcanist (Depths:1)
  An unseen horror (shapeshifter) (Elf:1)
  A bloated husk (Swamp:1)
  A swamp worm (Swamp:4)
  A centaur (D:11)
  An orc (Orc:2)
8 creatures vanquished.

Grand Total: 2135 creatures vanquished

Notes
Turn   | Place    | Note
-------+----------+-------------------------------------------
     0 | D:1      | LordWeiramon the Kobold Air Elementalist began the quest
                  | for the Orb.
     0 | D:1      | Reached XP level 1. HP: 10/10 MP: 3/3
   293 | D:1      | Reached skill level 1 in Fighting
   335 | D:1      | Reached XP level 2. HP: 16/16 MP: 3/5
   359 | D:1      | Learned a level 2 spell: Ensorcelled Hibernation
   411 | D:1      | Reached skill level 1 in Short Blades
   801 | D:2      | Reached skill level 2 in Short Blades
  1126 | D:2      | Reached XP level 3. HP: 20/20 MP: 3/6
  1138 | D:2      | Learned a level 3 spell: Passwall
  1475 | D:2      | Reached skill level 3 in Short Blades
  2080 | D:2      | Reached XP level 4. HP: 25/25 MP: 7/7
  2086 | D:2      | Reached skill level 4 in Short Blades
  2969 | D:3      | Reached XP level 5. HP: 30/30 MP: 8/8
  3020 | D:3      | Noticed an ice beast
  3115 | D:2      | Reached skill level 1 in Throwing
  3475 | D:3      | Reached skill level 1 in Hexes
  3889 | D:3      | Reached skill level 1 in Ice Magic
  4200 | D:4      | Found a staircase to the Ecumenical Temple.
  4311 | D:4      | Reached XP level 6. HP: 35/35 MP: 3/9
  4542 | Temple   | Entered the Ecumenical Temple
  4565 | Temple   | Became a worshipper of Ashenzari the Shackled
  4655 | D:4      | Found a sparkling altar of Nemelex Xobeh.
  5371 | D:5      | Entered Level 5 of the Dungeon
  6066 | D:4      | Reached XP level 7. HP: 32/40 MP: 8/11
  6654 | D:5      | Found a shimmering altar of Xom.
  6890 | D:5      | Reached skill level 5 in Dodging
  7136 | D:6      | You fall into a shaft and drop 1 floor!
  7157 | D:7      | Found Uxeu's Tiny Tomes.
  7175 | D:6      | Noticed Prince Ribbit
  7233 | D:6      | Noticed Edmund
  7246 | D:6      | Found a runed translucent door.
  7249 | D:6      | Noticed Crazy Yiuf
  7269 | D:6      | Reached XP level 8. HP: 44/44 MP: 9/12
  7288 | D:6      | Reached * piety under Ashenzari
  7288 | D:6      | Identified a scroll of acquirement
  7291 | D:6      | Acquired the ring "Haroucs" {rElec rF+ MP+9}
  7635 | D:6      | Found a radiant altar of Vehumet.
  8083 | D:6      | Reached skill level 5 in Stealth
  8247 | D:6      | Killed Prince Ribbit
  8248 | D:6      | Reached skill level 6 in Short Blades
  8658 | D:5      | Reached skill level 1 in Evocations
  9071 | D:6      | Killed Edmund
  9072 | D:6      | Reached skill level 5 in Hexes
  9072 | D:6      | Reached XP level 9. HP: 26/48 MP: 13/13
  9246 | D:7      | Found a sacrificial altar of Ru.
  9363 | D:7      | Reached ** piety under Ashenzari
  9787 | D:7      | Reached skill level 7 in Short Blades
  9857 | D:7      | Reached skill level 8 in Short Blades
 10101 | D:7      | Found a runed translucent door.
 10104 | D:7      | Noticed spaghetti's ghost (novice NaSu)
 10208 | D:7      | Noticed Joseph
 10213 | D:7      | Reached skill level 9 in Short Blades
 10225 | D:7      | Killed Joseph
 10226 | D:7      | Reached skill level 10 in Short Blades
 10226 | D:7      | Reached XP level 10. HP: 46/56 MP: 14/14
 11005 | D:8      | Found a stormy altar of Qazlal.
 11364 | D:8      | Learned a level 3 spell: Confusing Touch
 11377 | D:8      | Reached skill level 5 in Evocations
 11705 | D:8      | Found a glowing golden altar of the Shining One.
 12376 | D:9      | Reached *** piety under Ashenzari
 12572 | D:9      | Noticed Psyche
 12742 | D:9      | Noticed Grum
 12754 | D:9      | Killed Grum
 12953 | D:9      | Reached skill level 5 in Fighting
 12955 | D:9      | Reached XP level 11. HP: 60/63 MP: 15/15
 13104 | D:9      | Found Jiugh's Mass Market.
 13118 | D:9      | Reached skill level 10 in Stealth
 13242 | D:9      | Reached **** piety under Ashenzari
 13577 | D:7      | Reached skill level 1 in Armour
 13730 | D:10     | Entered Level 10 of the Dungeon
 13748 | D:10     | Identified the ring "Yggat" {Ice ^Drain Dex+3 Slay+2}
 14050 | D:10     | Noticed a two-headed ogre
 14097 | D:10     | Found a glowing silver altar of Zin.
 14395 | D:10     | Found Cuorgh's Antique Armour Emporium.
 14400 | D:10     | Bought a pair of gloves for 135 gold pieces
 14400 | D:10     | Bought a glowing cloak for 225 gold pieces
 14427 | D:10     | Killed a two-headed ogre
 14531 | D:10     | Found a staircase to the Lair.
 14872 | D:10     | Found a hazy altar of Hepliaklqana.
 15056 | D:11     | Reached skill level 5 in Armour
 15071 | D:11     | Reached skill level 1 in Shields
 16011 | Lair:1   | Entered Level 1 of the Lair of Beasts
 16073 | Lair:1   | HP: 3/66 [poisoned by a cane toad]
 16310 | Lair:1   | Reached XP level 12. HP: 71/71 MP: 18/18
 16321 | Lair:1   | Reached skill level 5 in Shields
 17040 | Lair:1   | Reached skill level 10 in Dodging
 17047 | Lair:1   | Reached skill level 1 in Earth Magic
 17061 | Lair:1   | Found a sparkling altar of Nemelex Xobeh.
 17710 | Lair:2   | Found a staircase to the Swamp.
 17963 | Lair:2   | Reached skill level 5 in Earth Magic
 18204 | Lair:2   | Reached ***** piety under Ashenzari
 18447 | Lair:2   | Noticed a skyshark
 18677 | Lair:3   | Reached XP level 13. HP: 76/76 MP: 20/20
 18726 | Lair:3   | Noticed Snorg
 18730 | Lair:3   | Killed Snorg
 19772 | Lair:3   | Noticed Josephine
 19776 | Lair:3   | Killed Josephine
 20242 | Lair:4   | Reached skill level 15 in Dodging
 20651 | Lair:4   | Identified Sif Muna's Notes on Malediction and Pyromania
 20672 | Lair:4   | Found a staircase to the Slime Pits.
 20672 | Lair:4   | Found a viscous altar of Jiyva.
 20989 | Lair:4   | Learned a level 4 spell: Cause Fear
 21159 | Lair:5   | Entered Level 5 of the Lair of Beasts
 21159 | Lair:5   | Identified the +5 whip of Balance {holy, ^Fragile rN+
                  | Dex+2}
 21464 | Lair:5   | Reached XP level 14. HP: 88/88 MP: 21/21
 21892 | Lair:5   | Reached skill level 10 in Fighting
 22250 | Lair:2   | Found a hole to the Spider Nest.
 22306 | Lair:2   | Reached skill level 11 in Short Blades
 22612 | D:12     | Reached skill level 12 in Short Blades
 22729 | D:12     | Identified the +0 pair of boots "Ivialyoss" {rPois Dex+3}
 22929 | D:12     | Reached skill level 13 in Short Blades
 23022 | D:12     | Identified the ring "Ullehu" {Ice Int+4 Dex+4}
 23095 | D:12     | Found a staircase to the Orcish Mines.
 23808 | D:13     | Found a frozen archway.
 23932 | IceCv    | Entered an ice cave
 24027 | IceCv    | Reached skill level 14 in Short Blades
 24296 | IceCv    | Identified the ring of Tapsoutz {Ice Str+3}
 24300 | IceCv    | Reached XP level 15. HP: 96/96 MP: 21/21
 24676 | IceCv    | Identified the +10 hand axe of the Realm of Zot {heavy, rN+
                  | MP-9 Str+4 Int+6 Dex-2}
 24845 | D:13     | Reached skill level 15 in Stealth
 25349 | D:13     | Noticed a tengu reaver
 25349 | D:13     | Noticed a fire giant
 25349 | D:13     | Killed a fire giant
 25350 | D:13     | Killed a tengu reaver
 25845 | D:14     | Noticed Urug
 25845 | D:14     | Noticed Rupert
 25845 | D:14     | Noticed Nessos
 25845 | D:14     | Found a gate to the Vaults.
 26219 | D:14     | Killed Nessos
 26826 | D:14     | Reached skill level 15 in Short Blades
 26853 | D:14     | Reached XP level 16. HP: 101/101 MP: 22/22
 26887 | D:14     | Found Muonaih's Antique Weapon Boutique.
 26892 | D:14     | Bought a runed rapier for 168 gold pieces
 27078 | D:14     | Killed Urug
 27170 | D:14     | Killed Rupert
 27171 | D:14     | Reached skill level 16 in Short Blades
 27476 | D:15     | Entered Level 15 of the Dungeon
 27503 | D:15     | Found Ryus's Assorted Antiques.
 27764 | D:15     | Reached skill level 17 in Short Blades
 27818 | D:15     | Found Ecealuf's Armour Emporium.
 27976 | D:15     | Found Minlacev's Assorted Antiques.
 27982 | D:15     | Bought a bound platinum amulet for 155 gold pieces
 27982 | D:15     | Identified the amulet "Okirgh" {Reflect *Corrode Regen+
                  | Str+5 SH+5 SInv} (You bought it in a shop on level 15 of
                  | the Dungeon)
 28047 | D:15     | Found Umoobuet's Book Boutique.
 28111 | D:15     | Found an opulent altar of Gozag.
 28364 | D:15     | Found a staircase to the Depths.
 28487 | D:15     | Found Ytzy's Magic Scroll Shop.
 28490 | D:15     | Bought a scroll of enchant weapon for 105 gold pieces
 28490 | D:15     | Bought a scroll of teleportation for 42 gold pieces
 28490 | D:15     | Bought a scroll of teleportation for 42 gold pieces
 28490 | D:15     | Bought 3 scrolls of silence for 399 gold pieces
 28797 | D:6      | Killed Crazy Yiuf
 28917 | D:7      | Killed spaghetti's ghost
 29034 | D:9      | Killed Psyche
 29162 | Swamp:1  | Entered Level 1 of the Swamp
 29164 | Swamp:1  | Reached skill level 10 in Evocations
 29753 | Swamp:1  | Found a hazy altar of Hepliaklqana.
 29893 | Swamp:1  | Noticed a fenstrider witch
 29895 | Swamp:1  | Killed a fenstrider witch
 30288 | Swamp:2  | Reached XP level 17. HP: 111/111 MP: 24/24
 30584 | Swamp:2  | Noticed a thorn hunter
 30603 | Swamp:2  | Killed a thorn hunter
 31364 | Swamp:4  | Entered Level 4 of the Swamp
 31925 | Swamp:4  | Noticed a thorn hunter
 31947 | Swamp:3  | Killed a thorn hunter
 32232 | Swamp:4  | Got a decaying rune of Zot
 32466 | Spider:1 | Entered Level 1 of the Spider Nest
 32539 | Spider:1 | Reached skill level 10 in Armour
 32693 | Spider:1 | Reached XP level 18. HP: 119/119 MP: 25/25
 33166 | Spider:1 | Found a transporter.
 33168 | Spider:1 | Found a transporter.
 33168 | Spider:1 | Identified the +0 pair of boots of an ossuary {rElec rF+}
 35566 | Spider:4 | Entered Level 4 of the Spider Nest
 36076 | Spider:4 | Reached skill level 10 in Shields
 36127 | Spider:4 | Reached XP level 19. HP: 124/124 MP: 6/26
 36884 | Spider:4 | Identified the -1 pair of boots "Yphiel" {+Blink Dex+2
                  | Slay+2}
 36954 | Spider:4 | Got a gossamer rune of Zot
 37292 | Orc:1    | Entered Level 1 of the Orcish Mines
 37298 | Orc:1    | Noticed Sonja
 37300 | Orc:1    | Killed Sonja
 37937 | Orc:2    | Entered Level 2 of the Orcish Mines
 38551 | Orc:2    | Found a staircase to the Elven Halls.
 38785 | Orc:2    | Found Onoboq's Magic Scroll Shop.
 38790 | Orc:2    | Bought a scroll of fear for 48 gold pieces
 38790 | Orc:2    | Bought a scroll of fear for 48 gold pieces
 38790 | Orc:2    | Bought a scroll of enchant armour for 90 gold pieces
 38856 | Orc:2    | Found Bait Ykk's General Store.
 38856 | Orc:2    | Found Ygocipsouh's Magic Scroll Shoppe.
 38892 | Orc:2    | Bought a scroll of blinking for 105 gold pieces
 38892 | Orc:2    | Bought a scroll of teleportation for 42 gold pieces
 38892 | Orc:2    | Bought a scroll of blinking for 105 gold pieces
 38892 | Orc:2    | Bought a scroll of butterflies for 56 gold pieces
 38892 | Orc:2    | Bought a scroll of teleportation for 42 gold pieces
 38896 | Orc:2    | Bought a scroll of acquirement for 832 gold pieces
 38896 | Orc:2    | Bought a scroll of silence for 152 gold pieces
 38896 | Orc:2    | Acquired 1124 gold pieces
 38920 | Orc:2    | Found Tirchefes's Assorted Antiques.
 39140 | D:15     | Bought a scroll of acquirement for 1976 gold pieces
 39140 | D:15     | Acquired the +0 pair of boots "Dokeups" {Rampage rPois
                  | Will+++ Int-4}
 39142 | D:15     | Bought a scroll of enchant armour for 285 gold pieces
 39267 | Elf:1    | Entered Level 1 of the Elven Halls
 39852 | Elf:1    | Reached XP level 20. HP: 128/128 MP: 26/26
 39881 | Elf:1    | Gained mutation: Your body sometimes deteriorates upon
                  | taking damage. [mutagenic glow]
 39961 | Elf:1    | Identified the Elucidation of Virulence
 41147 | Elf:2    | Found a huge runed translucent gate.
 41147 | Elf:2    | Found a huge runed translucent gate.
 41147 | Elf:2    | Found a huge runed translucent gate.
 41147 | Elf:2    | Found a huge runed translucent gate.
 41149 | Elf:2    | Found a huge runed translucent gate.
 41774 | Elf:3    | Entered Level 3 of the Elven Halls
 41880 | Elf:3    | Reached skill level 18 in Short Blades
 41924 | Elf:3    | Found Hunubu's Assorted Antiques.
 42503 | Elf:3    | Reached skill level 19 in Short Blades
 42759 | Elf:3    | Identified the +6 broad axe "LordWeiramon's Regret"
                  | {antimagic, *Rage rN+ Will+ Int+2}
 42761 | Elf:3    | Identified the amulet of Banuarum {Acrobat rC+}
 42818 | Elf:3    | Identified the +11 falchion of the Grave {holy, Str+2}
 42818 | Elf:3    | Identified the +6 ring mail "Meryups" {rN+ Str+4 Slay+3}
 42830 | Elf:3    | Identified the +4 sling of an ossuary {flame, Fly rElec
                  | rPois Dex-4}
 42851 | Elf:3    | Reached XP level 21. HP: 72/132 MP: 27/27
 42852 | Elf:3    | Reached skill level 20 in Short Blades
 42936 | Elf:3    | Identified Xoatu's Notes on the Topological Fairies
 42966 | Elf:3    | Identified the +1 orcbow "Xoraz" {elec, rPois rF+ Str+4}
 43277 | Elf:3    | Identified the staff of Doaffef {Earth Alchemy}
 43277 | Elf:3    | Identified Tomieguhu's Dissertation on the Legion
 43490 | Vaults:1 | Entered Level 1 of the Vaults
 45260 | Vaults:2 | Noticed Sojobo
 45399 | Vaults:2 | Killed Sojobo
 45487 | Vaults:2 | Reached XP level 22. HP: 57/138 MP: 28/28
 45674 | Vaults:2 | Found Seesi's Weapon Shop.
 45801 | Vaults:2 | Reached skill level 21 in Short Blades
 45980 | Vaults:2 | Noticed Asterion
 45983 | Vaults:2 | Killed Asterion
 46127 | Vaults:2 | Noticed Boris
 46352 | Vaults:2 | Identified the serpent talisman "Xucweutu" {rElec rC++
                  | Will- Str+2 Stlth-}
 46352 | Vaults:2 | Noticed Aizul
 46353 | Vaults:2 | Killed Aizul
 46369 | Vaults:2 | Noticed Margery
 46381 | Vaults:2 | Killed Margery
 46570 | Vaults:2 | Killed Boris
 46695 | Vaults:2 | Reached skill level 15 in Fighting
 47647 | Vaults:3 | Found a gateway to a bazaar.
 47767 | Vaults:3 | Found a staircase to the Crypt.
 47985 | Vaults:3 | Reached XP level 23. HP: 153/153 MP: 29/29
 48922 | Vaults:4 | Noticed Donald
 48924 | Vaults:4 | Killed Donald
 49259 | Vaults:4 | Noticed Zenata
 49261 | Vaults:4 | Killed Zenata
 49397 | Vaults:4 | Found Xamub's Book Emporium.
 49692 | Vaults:4 | Reached skill level 22 in Short Blades
 50303 | Bazaar   | Entered a bazaar
 50303 | Bazaar   | Found Myhet's Magic Scroll Emporium.
 50303 | Bazaar   | Found Kipp's Armour Shop.
 50306 | Bazaar   | Found Rys Uhoa's Distillery.
 50309 | Bazaar   | Found Gisufygi's Book Shoppe.
 50314 | Bazaar   | Bought the Incunable of Twinkling Despair for 242 gold
                  | pieces
 50320 | Bazaar   | Learned a level 5 spell: Silence
 50320 | Bazaar   | Found Wamyceim's Magic Scroll Boutique.
 50323 | Bazaar   | Found Becipuf's General Store.
 50325 | Bazaar   | Bought 3 scrolls of fear for 156 gold pieces
 50325 | Bazaar   | Bought a scroll of enchant weapon for 97 gold pieces
 50325 | Bazaar   | Bought a scroll of teleportation for 39 gold pieces
 50328 | Bazaar   | Bought a potion of might for 44 gold pieces
 50328 | Bazaar   | Bought a scroll of enchant armour for 82 gold pieces
 50331 | Bazaar   | Bought the +4 pair of gloves "Duorem" {Rampage rElec
                  | Slay+3} for 562 gold pieces
 50337 | Bazaar   | Bought the +0 helmet of Huisir {rC+ Dex+3} for 272 gold
                  | pieces
 50466 | Depths:1 | Entered Level 1 of the Depths
 50499 | Depths:1 | Identified Jall's Excursus on the Congregation
 50630 | Depths:1 | Identified the Incunable of Wanderlust
 50735 | Depths:1 | Reached skill level 5 in Air Magic
 50771 | Depths:1 | Found a hide-covered altar of Uskayaw.
 50869 | Depths:1 | Found a one-way gate to the infinite horrors of the Abyss.
 51054 | Depths:1 | Found a shimmering blue altar of Sif Muna.
 51120 | Depths:1 | Found a gateway to Hell.
 51134 | Depths:1 | Reached XP level 24. HP: 164/164 MP: 29/29
 51669 | Depths:1 | Reached skill level 5 in Spellcasting
 52023 | Depths:1 | Identified the Precepts of Heresy
 52346 | Depths:1 | Identified Wimaisas's Parchment of Hypothermia
 53152 | Depths:2 | Found Uloxkaph's Antique Weapon Shoppe.
 53659 | Depths:2 | Found a one-way gate leading to the halls of Pandemonium.
 53785 | Depths:2 | Identified the +0 robe "Inuig" {Regen+}
 54071 | Depths:3 | Reached skill level 23 in Short Blades
 54118 | Depths:3 | Found a runed translucent door.
 54126 | Depths:3 | Noticed a dread lich
 54258 | Depths:3 | Found a runed translucent door.
 54289 | Depths:3 | Noticed Viocziel's ghost (adept TrMo)
 54338 | Depths:2 | Killed Viocziel's ghost
 54417 | Depths:3 | Killed a dread lich
 54497 | Depths:3 | Identified the amulet of Laubb {Faith Int+5 Slay-6}
 54531 | Depths:3 | Found a sparkling altar of Nemelex Xobeh.
 54774 | Depths:3 | Noticed a golden dragon
 54775 | Depths:3 | Killed a golden dragon
 54883 | Depths:3 | Reached skill level 24 in Short Blades
 54944 | Depths:3 | Reached XP level 25. HP: 168/171 MP: 35/35
 55283 | Depths:3 | Noticed a juggernaut
 55312 | Depths:3 | Killed a juggernaut
 55313 | Depths:3 | Reached skill level 25 in Short Blades
 55346 | Depths:3 | Identified the Book of the Crypt
 55451 | Depths:3 | Noticed a caustic shrike
 55453 | Depths:3 | Killed a caustic shrike
 55545 | Depths:3 | Acquired a manual of Dodging
 55627 | Depths:3 | Found a one-way gateway to a ziggurat.
 56112 | Depths:4 | Entered Level 4 of the Depths
 56865 | Depths:4 | Reached skill level 26 in Short Blades
 56939 | Depths:4 | Found a basalt altar of Yredelemnul.
 57085 | Depths:4 | Found a gate to the Realm of Zot.
 57467 | Vaults:5 | Entered Level 5 of the Vaults
 57890 | Vaults:5 | Reached skill level 27 in Short Blades
 58017 | Vaults:5 | Found Boghikaw's Magic Scroll Shoppe.
 58021 | Vaults:5 | Bought a scroll of acquirement for 832 gold pieces
 58077 | Vaults:5 | Found Xegeih's Distillery.
 58077 | Vaults:5 | Noticed an ancient lich
 58092 | Vaults:5 | Killed an ancient lich
 58093 | Vaults:5 | Reached XP level 26. HP: 177/177 MP: 35/35
 58100 | Vaults:5 | Bought a potion of mutation for 120 gold pieces
 58100 | Vaults:5 | Bought a potion of haste for 150 gold pieces
 58100 | Vaults:5 | Bought a potion of heal wounds for 75 gold pieces
 58100 | Vaults:5 | Bought a potion of resistance for 150 gold pieces
 58100 | Vaults:5 | Bought a potion of haste for 150 gold pieces
 58143 | Vaults:5 | Noticed an ancient lich
 58146 | Vaults:5 | Killed an ancient lich
 58202 | Vaults:5 | Found Jyesets's Magic Scroll Shoppe.
 59114 | Vaults:5 | Noticed Mara
 59118 | Vaults:5 | Killed Mara
 59284 | Vaults:5 | Found Guiwiton's Jewellery Shoppe.
 59858 | Vaults:5 | Found Roluycyo's Jewellery Shop.
 59861 | Vaults:5 | Found Jiuchisi's Antique Weapon Shop.
 59911 | Vaults:5 | Got a silver rune of Zot
 59936 | Vaults:5 | Found Ucumorch's General Store.
 60036 | Vaults:5 | Identified the orb "Jamualeu" {*channel, Rampage Str-5
                  | Dex+5}
 60036 | Vaults:5 | Noticed Frederick
 60037 | Vaults:5 | Killed Frederick
 60163 | Vaults:5 | Acquired 702 gold pieces
 60906 | Vaults:5 | Found Yrchypp's Magic Scroll Boutique.
 61010 | Vaults:5 | Noticed an ancient lich
 61012 | Vaults:5 | Killed an ancient lich
 61060 | Vaults:5 | Bought a scroll of blinking for 172 gold pieces
 61253 | Vaults:5 | Bought a scroll of butterflies for 92 gold pieces
 61253 | Vaults:5 | Bought a scroll of teleportation for 69 gold pieces
 61253 | Vaults:5 | Bought a scroll of butterflies for 92 gold pieces
 61253 | Vaults:5 | Bought a scroll of teleportation for 69 gold pieces
 61351 | D:15     | Bought a potion of resistance for 380 gold pieces
 61351 | D:15     | Bought 2 potions of heal wounds for 380 gold pieces
 61510 | Elf:3    | Bought a potion of curing for 117 gold pieces
 61624 | Orc:2    | Bought 2 potions of curing for 216 gold pieces
 61851 | Zot:1    | Entered Level 1 of the Realm of Zot
 61860 | Zot:1    | Found a transporter.
 62139 | Zot:1    | Noticed Jofris Vesimp's ghost (legendary GnFE)
 62173 | Zot:1    | Found a transporter.
 62174 | Zot:1    | Identified the amulet "Getwi" {Faith *Slow Int+6}
 62175 | Zot:1    | Found the amulet of Elemental Vulnerability {rPois rF--
                  | rC-- AC+8}
 62176 | Zot:1    | Found the +16 obsidian axe {drain, demonic, Mesm ^Drain Fly
                  | SInv}
 62206 | Zot:1    | Reached XP level 27. HP: 185/185 MP: 32/32
 62631 | Zot:1    | Acquired a manual of Armour
 63627 | Zot:2    | Reached skill level 5 in Throwing
 65160 | Zot:4    | Reached skill level 15 in Armour
 65212 | Zot:3    | Reached ****** piety under Ashenzari
 65917 | Zot:5    | Entered Level 5 of the Realm of Zot
 66898 | Zot:5    | Noticed an orb of fire
 66918 | Zot:5    | Gained mutation: You have sharp toenails. [an orb of fire]
 66924 | Zot:5    | Killed an orb of fire
 67064 | Zot:5    | Noticed an ancient lich
 67095 | Zot:5    | Killed an ancient lich
 67189 | Zot:5    | Noticed a Killer Klown
 67191 | Zot:5    | Noticed an orb of fire
 67196 | Zot:5    | Gained mutation: You do not regenerate when monsters are
                  | visible. [an orb of fire]
 67203 | Zot:5    | Gained mutation: You are vulnerable to cold. (rC-) [an orb
                  | of fire]
 67210 | Zot:5    | Gained mutation: You sometimes lose your temper in combat.
                  | [an orb of fire]
 67220 | Zot:5    | Killed an orb of fire
 67234 | Zot:5    | Killed a Killer Klown
 67300 | Zot:5    | Lost mutation: Your body sometimes deteriorates upon taking
                  | damage. [potion of mutation]
 67300 | Zot:5    | Lost mutation: You have sharp toenails. [potion of
                  | mutation]
 67300 | Zot:5    | Lost mutation: You do not regenerate when monsters are
                  | visible. [potion of mutation]
 67300 | Zot:5    | Gained mutation: You are strong-willed. (Will+) [potion of
                  | mutation]
 67300 | Zot:5    | Lost mutation: You sometimes lose your temper in combat.
                  | [potion of mutation]
 67301 | Zot:5    | Lost mutation: You are vulnerable to cold. (rC-) [potion of
                  | mutation]
 67301 | Zot:5    | Lost mutation: You are strong-willed. (Will+) [potion of
                  | mutation]
 67301 | Zot:5    | Gained mutation: Your system is resistant to poisons.
                  | (rPois) [potion of mutation]
 67301 | Zot:5    | Gained mutation: Your body sometimes deteriorates upon
                  | taking damage. [potion of mutation]
 67301 | Zot:5    | Gained mutation: Your body often deteriorates upon taking
                  | damage. [potion of mutation]
 67314 | Zot:5    | Noticed a dread lich
 67327 | Zot:5    | Killed a dread lich
 67363 | Zot:5    | Noticed a dread lich
 67377 | Zot:5    | Killed a dread lich
 67988 | Zot:5    | Noticed a Killer Klown
 68144 | Zot:5    | Noticed a Killer Klown
 68159 | Zot:5    | Killed a Killer Klown
 68191 | Zot:5    | Got the Orb of Zot
 68343 | Zot:1    | Noticed Utopun the pandemonium lord
 68430 | D:15     | Noticed Wiozxi Kirumm the pandemonium lord
 68450 | D:15     | Killed Wiozxi Kirumm the pandemonium lord
 68713 | D:$      | Escaped with the Orb!

Illustrated notes

Levels and vault maps discovered:
D:1:      minmay_arrival_hallway, layout_rooms
D:2:      layout_basic, amethyst_killhole
D:3:      layout_basic
D:4:      layout_loops_ring, lemuel_doored_altar, temple_doors_e,
          small_statue_intersection
D:5:      layout_cave_pods, xom_teletrap_fun
D:6:      layout_loops_ring, vehumet_altar_wand_db, minmay_misc_feat_hallway,
          minmay_misc_feat_chi, uniq_edmund, uniq_prince_ribbit1,
          uniq_crazy_yiuf_cottage
D:7:      minmay_skewed_foursquare, layout_rooms,
          nicolae_ru_great_annihilating_truth, hellmonk_ghost_happy_afterlife,
          minivault_10, st_stairs_9, nicolae_shop_i_like_small_books_too,
          minivault_1, nicolae_fountain_basement, uniq_joseph
D:8:      layout_loops_cross, grunt_qazlal_sundering,
          nicolae_tso_swordbearing_angel
D:9:      layout_basic, minmay_shop_mass, dreamdust_princess_bridge,
          minmay_large_rounded_square, uniq_grum, uniq_psyche
D:10:     layout_irregular_city, zin_scriptorium,
          worldfamousw_hep_ancestral_shrine, erik_lair_island, serial_shops,
          shop
D:11:     layout_irregular_city
D:12:     layout_gridville, david_orc_3, minmay_between
D:13:     layout_loops_corners, portal_ice_cave_entry_imps, minivault_25_ag
D:14:     layout_loops_ring, david_vaults_3, minmay_misc_feat_five,
          serial_shops, shop
D:15:     grunt_enter_depths_magical_seal, layout_long_grid, serial_shops,
          nicolae_shop_pleasant_corner_grove, nicolae_lakefront_shop,
          nicolae_shop_hallway_plus, nicolae_shop_overgrown_old_shop,
          nicolae_shop_rolled_up, nicolae_gozag_seed_capital
Temple:   minmay_temple_curvy_branch
Lair:1:   layout_chaotic_city, basic_altar, infiniplex_staircase_pool,
          serial_bayou_shore_a
Lair:2:   layout_regular_city, swamp_mist, nicolae_spider_entry_tight_spaces,
          grunt_megastairs_5
Lair:3:   layout_chaotic_city, serial_bayou, serial_bayou_pond_d,
          serial_bayou_lagoon_b, serial_bayou_shore_b, serial_bayou_ford_a,
          lemuel_fruit_tree, uniq_josephine, uniq_snorg
Lair:4:   layout_cave_pods, slime_entry_1, wad_woods_road_04
Lair:5:   gammafunk_lair_ancient_temple, layout_misc_corridors,
          serial_bayou_pond_b, grunt_megastairs_4
Swamp:1:  layout_basic_swamp, lemuel_altar_in_water, nicolae_swamp_oxbows,
          swamp_pool_1_2, grunt_witch_cave, nicolae_swamp_decorative_isthmus
Swamp:2:  layout_falls_marsh, evilmike_swamp_ruin_rubble_1, swamp_pool_3
Swamp:3:  layout_falls_marsh, evilmike_swamp_ruin_house_1
Swamp:4:  swamp, layout_basic_swamp
Spider:1: gammafunk_boulding_lane, nicolae_looking_at_the_future
Spider:2: layout_spider_delve
Spider:3: layout_spider_delve
Spider:4: floodkiller_spider_rune_tomb
Orc:1:    layout_caves, nicolae_orc_pool_cavern, elves_outpost_lemuel,
          uniq_sonja
Orc:2:    hellmonk_orc_salted, layout_diamond_mine
Elf:1:    nicolae_elf_arrival_fired_up, layout_loops_corners,
          nicolae_elf_shapeshifter_party
Elf:2:    elven_hall_of_blades_hangedman_alternative
          [nooodl_blade_entry_preview], layout_geoelf_grid
Elf:3:    grunt_elf_hall_branching, layout_geoelf_octagon, serial_shops,
          nicolae_diamond_shop
Vaults:1: v_pattern_1, vaults_standard_mumra_lines,
          nicolae_vaults_closet_pinwheel_4, vaults_room_fancy_cross, v_misc_31,
          vaults_room_grunt_arrival_ludios, v_rooms_3, layout_vaults_quadrants
Vaults:2: ontoclasm_vaults_gallery, nicolae_vaults_big_angled_halls,
          vaults_room_grunt_arrival_checkpoint, v_misc_17,
          nicolae_vaults_network_quinsquares
          [nicolae_vaults_network_quincunx_subvault,
          nicolae_vaults_network_quincunx_subvault,
          nicolae_vaults_network_quincunx_subvault,
          nicolae_vaults_network_quincunx_subvault], vaults_room_grid,
          v_pattern_2, nicolae_vaults_network_periphery, vaults_room_semicircle,
          v_misc_9, dpeg_vaults_monster_box, nicolae_vaults_trapezoid_1,
          ontoclasm_vaults_twist, vaults_dpeg_encased_lava,
          ontoclasm_vaults_ring_large, layout_vaults_big_room, serial_shops,
          nicolae_shop_just_a_little_nook, uniq_boris, uniq_aizul, uniq_sojobo,
          uniq_margery, uniq_asterion
Vaults:3: nicolae_vaults_surprise_closet, v_misc_1, ontoclasm_vaults_misaligned,
          hangedman_vaults_unwind, nicolae_vaults_sightless_eye, v_pattern_3,
          nicolae_vaults_arrows, nicolae_vaults_apartment_2,
          serial_library_hellmonk_semicircle, nicolae_vaults_tetromino_Z_1,
          layout_vaults_maze_snakey, minmay_crypt_entry_simple_plaza,
          serial_shops, bzr_in_the_mist
Vaults:4: nicolae_vaults_network_square, v_misc_11,
          nicolae_vaults_tetromino_T_1, v_rooms_6, ontoclasm_vaults_gateway,
          ontoclasm_vaults_eye, nicolae_vaults_what_the_h, hangedman_vaults_hat,
          v_misc_23, nicolae_vaults_rhombus_5, nicolae_vaults_trapezoid_2,
          ontoclasm_vaults_claustrophobia, nicolae_vaults_little_squares_2,
          v_misc_22, vaults_room_ringed_pool, layout_vaults_big_cross,
          serial_shops, nicolae_shop_tiny_glass, uniq_donald, uniq_zenata
Vaults:5: serial_shops, uniq_mara, uniq_frederick
Depths:1: nzn_winding_woodlands_small [nzn_winding_woodlands_5x15_sidewinder,
          nzn_winding_woodlands_center_garden,
          nzn_winding_woodlands_5x15_zeroes], layout_gridlike,
          lemuel_blue_sif_altar, serial_magic_research,
          hangedman_research_quantum, hangedman_research_convocations,
          hangedman_research_pyrotechnics, hangedman_research_thermodynamics,
          grunt_mini_vestibule, nicolae_abyss_entry_one_way_or_another,
          nicolae_uskayaw_dance_hall, firewood_loft
Depths:2: kennysheep_ambush_hall, layout_gridlike, serial_shops,
          nicolae_shop_back_alley_shop, hell_entry, rand_demon_pan_entry_9,
          minmay_hedge_maze
Depths:3: nicolae_fronds_of_death, layout_basic, enter_ziggurat_b,
          muffindrake_ghost_dual_entry, pf_coc_iceberg, abyss_entry,
          nemelex_xobeh_ov_fountains_minmay, minmay_staircase_bubble
Depths:4: grunt_x_marks_the_spot, layout_twisted_cross, minmay_misc_feat_tower,
          grunt_pan_entry_in_and_out, pf_hell_entry_tar_river,
          yredelemnul_forgotten_temple_becter
Zot:1:    layout_gridlike, bh_zot_ikea_curve, gammafunk_ghost_mausoleum
Zot:2:    hangedman_snap_crack_crunch, layout_cathedral_of_symmetry
Zot:3:    layout_basic, nicolae_zig_zag_zippers, regret_index_zotdec_banners,
          lemuel_elevator
Zot:4:    layout_misc_corridors
Zot:5:    layout_twisted_circle

Skill      XL: |  1  2  3  4  5  6  7  8  9 10 11 12 13 14 15 16 17 18 19 20 21 22 23 24 25 26 27 |
---------------+----------------------------------------------------------------------------------+-----
Fighting       | 1 2 3 5 8 10 12 13 17 19 22 26 | 26.2
Short Blades   | 2 3 4 6 10 14 15 17 19 20 21 22 24 27 | 27.0
Dodging        | 3 6 7 11 15 19 21 23 25 | 25.0
Stealth        | 3 4 5 8 10 11 13 18 23 24 | 24.5
Throwing       | 1 7 |  7.0
Hexes          | 2 3 5 7 9 |  9.0
Ice Magic      | 1 2 |  2.4
Spellcasting   | 3 6 |  6.4
Evocations     | 1 6 10 | 10.2
Armour         | 5 10 11 15 | 15.1
Shields        | 4 5 10 | 10.0
Earth Magic    | 5 |  5.0
Air Magic      | 7 9 |  9.0
Conjurations   | |  1.0

Action                     |  1- 3 |  4- 6 |  7- 9 | 10-12 | 13-15 | 16-18 | 19-21 | 22-24 | 25-27 || total
---------------------------+-------+-------+-------+-------+-------+-------+-------+-------+-------++-------
  Melee: Dagger            |     7 |   115 |     7 |       |       |       |       |       |       ||   129
         Punch             |       |     3 |     4 |     3 |    11 |       |       |       |       ||    21
         Short sword       |       |       |   222 |   523 |  1109 |       |       |       |       ||  1854
         Rapier            |       |       |       |       |   333 |  1243 |  1830 |  1688 |  1533 ||  6627
  Throw: Stone             |     1 |       |     3 |       |       |       |       |       |       ||     4
         Dart              |       |    23 |     8 |    11 |     3 |    15 |     2 |     1 |    42 ||   105
         Throwing net      |       |       |       |       |       |       |     1 |     4 |     1 ||     6
   Cast: Shock             |    46 |    99 |     8 |       |       |       |       |       |       ||   153
         Ensorcelled Hiber |       |     9 |    38 |    87 |    36 |     6 |     1 |       |       ||   177
         Passwall          |       |       |       |     4 |    28 |    28 |    16 |     7 |    27 ||   110
         Confusing Touch   |       |       |       |       |    27 |     6 |       |     2 |       ||    35
         Silence           |       |       |       |       |       |       |       |     5 |   137 ||   142
 Invoke: Curse Item        |       |       |     3 |     7 |     2 |     2 |       |     3 |     4 ||    21
         Shatter the Chain |       |       |       |     2 |     3 |     1 |     2 |     1 |     2 ||    11
  Evoke: Wand              |       |       |     1 |     2 |     5 |     2 |     5 |     2 |     2 ||    19
         Box of beasts     |       |       |       |       |     1 |       |       |     1 |       ||     2
    Use: Scroll            |     5 |     4 |     4 |     6 |       |     8 |    15 |     4 |     7 ||    53
         Potion            |       |     2 |     1 |       |     1 |     4 |     3 |     2 |     8 ||    21
   Stab: Sleeping          |     5 |    18 |    32 |    78 |   126 |   132 |   128 |   143 |   237 ||   899
         Distracted        |       |     1 |     1 |     3 |     7 |    14 |    21 |    27 |     8 ||    82
         Invisible         |       |       |     2 |       |       |       |       |       |       ||     2
         Paralysed         |       |       |     1 |       |       |       |       |       |       ||     1
         Confused          |       |       |       |       |    32 |     5 |       |     3 |       ||    40
         Held in net/web   |       |       |       |       |       |       |     1 |     3 |     2 ||     6
 Armour: Robe              |     9 |    74 |    71 |   145 |       |       |       |       |       ||   299
         Troll leather arm |       |       |       |       |   279 |   259 |    58 |       |       ||   596
         Acid dragon scale |       |       |       |       |       |       |   203 |   211 |   164 ||   578
  Dodge: Dodged            |    10 |   117 |   143 |   335 |   825 |  1012 |  1069 |   761 |   670 ||  4942
  Block: Buckler           |       |       |       |       |   159 |   608 |   816 |   560 |   517 ||  2660
         Reflection        |       |       |       |       |       |     1 |    25 |    14 |     5 ||    45
